[Event "4NCL Individual Rapid 10m+10s"]
[Site "Daventry"]
[Date "2013.10.06"]
[Round "3.8"]
[White "Chan, Nevil"]
[Black "Mason, Donald J"]
[Result "0-1"]
[ECO "D01"]
[WhiteElo "2027"]
[BlackElo "2204"]
[PlyCount "106"]
[EventDate "2013.10.06"]
[EventType "swiss (rapid)"]
[EventRounds "7"]
[EventCountry "ENG"]
[TimeControl "900+125"]
[WhiteClock "0:01:16"]
[BlackClock "0:00:15"]

1. d4 Nf6 2. Nc3 d5 3. Bg5 h6 4. Bxf6 exf6 5. e3 Be6 6. Bd3 f5 7. Qf3 g6 8.
Nge2 c6 9. Nf4 Nd7 10. Nxe6 fxe6 11. g4 Nf6 12. gxf5 gxf5 13. O-O-O Qd7 14. Ne2
O-O-O 15. Ng3 Ne4 16. Rhg1 Kb8 17. Nh5 c5 18. c3 cxd4 19. exd4 Rc8 20. Bxe4
dxe4 21. Qg3+ Bd6 22. Qg7 Qb5 23. d5 e5 24. Nf6 e3 25. fxe3 Qe2 26. Qg2 Qxe3+
27. Qd2 Qxd2+ 28. Rxd2 Rc7 29. Rdg2 Re7 30. Rg7 e4 31. Kd2 Kc7 32. Rxe7+ Bxe7
33. Rg7 Kd6 34. Nh5 Re8 35. c4 b6 36. Ke2 a5 37. Nf4 Bf6 38. Rg6 Ke5 39. Nh5
Bg5 40. Ng7 Re7 41. Ne6 Bc1 42. b3 f4 43. Nd8 Rd7 44. Nc6+ Kf5 45. Rg1 f3+ 46.
Kf2 Ba3 47. Rg8 Bc5+ 48. Kf1 e3 49. Rg3 e2+ 50. Ke1 Ke4 51. Rg4+ Ke3 52. Rg3
Bd6 53. Rh3 Rg7 0-1

[Event "4NCL Individual Rapid 10m+10s"]
[Site "Daventry"]
[Date "2013.10.06"]
[Round "3.2"]
[White "Thompson, Robert"]
[Black "Okike, David"]
[Result "0-1"]
[ECO "E62"]
[WhiteElo "1962"]
[BlackElo "2152"]
[PlyCount "102"]
[EventDate "2013.10.06"]
[EventType "swiss (rapid)"]
[EventRounds "7"]
[EventCountry "ENG"]
[TimeControl "900+90"]
[WhiteClock "0:04:53"]
[BlackClock "0:08:53"]

1. Nf3 Nf6 2. c4 g6 3. g3 Bg7 4. Bg2 d6 5. d4 O-O 6. O-O Nc6 7. Nc3 Bg4 8. e4
Nd7 9. Be3 Nb6 10. b3 a5 11. Rc1 a4 12. c5 dxc5 13. dxc5 Qxd1 14. Rfxd1 Nc8 15.
h3 Bxf3 16. Bxf3 axb3 17. axb3 Ra3 18. Nd5 Rxb3 19. Nxc7 Be5 20. Nd5 e6 21. Nb6
Nxb6 22. cxb6 Bxg3 23. Bc5 Rc8 24. fxg3 Rxf3 25. Kg2 Rb3 26. Rd7 Rb2+ 27. Kf1
Ne5 28. Rc7 Rd8 29. Be3 Nf3 30. R7c2 Nd2+ 31. Bxd2 Rxd2 32. Rxd2 Rxd2 33. Rc7
Rd4 34. Rxb7 Rxe4 35. Rc7 Rb4 36. b7 Kg7 37. Kf2 h5 38. Kf3 Kf6 39. Rd7 e5 40.
Rc7 Ke6 41. Rc6+ Kd7 42. Rf6 Ke7 43. Rc6 Rxb7 44. Rc5 Kd6 45. Rc3 f5 46. h4 Rb6
47. Rd3+ Ke6 48. Ra3 Kf6 49. Re3 e4+ 50. Kf4 Rb1 51. Ra3 Rf1+ 0-1

[Event "4NCL Individual Rapid 10m+10s"]
[Site "Daventry"]
[Date "2013.10.06"]
[Round "3.3"]
[White "Bourne, Iain"]
[Black "Mayhew, Andrew"]
[Result "0-1"]
[ECO "E60"]
[WhiteElo "1918"]
[BlackElo "2058"]
[PlyCount "40"]
[EventDate "2013.10.06"]
[EventType "swiss (rapid)"]
[EventRounds "7"]
[EventCountry "ENG"]
[TimeControl "900+140"]
[WhiteClock "0:00:45"]
[BlackClock "0:06:11"]

1. d4 Nf6 2. c4 g6 3. f3 e6 4. e4 d5 5. Nc3 Bg7 6. Bg5 h6 7. Be3 O-O 8. Qd2
dxe4 9. fxe4 Ng4 10. Nf3 Nxe3 11. Qxe3 c5 12. dxc5 Qa5 13. Be2 Nd7 14. c6 bxc6
15. O-O Rb8 16. Nd4 Qc5 17. Rfd1 Rxb2 18. Na4 Rxe2 19. Nxc5 Rxe3 20. Nxd7 Bxd7
0-1

[Event "4NCL Individual Rapid 10m+10s"]
[Site "Daventry"]
[Date "2013.10.06"]
[Round "3.5"]
[White "Kane, Robert"]
[Black "Basman, Michael"]
[Result "0-1"]
[ECO "A40"]
[WhiteElo "1862"]
[BlackElo "2340"]
[PlyCount "98"]
[EventDate "2013.10.06"]
[EventType "swiss (rapid)"]
[EventRounds "7"]
[EventCountry "ENG"]
[TimeControl "900+105"]
[WhiteClock "0:01:23"]
[BlackClock "0:04:28"]

1. d4 b5 2. Bf4 Bb7 3. Nf3 e6 4. e3 a6 5. Nbd2 Nf6 6. a4 b4 7. Bd3 h6 8. c4 g5
9. Bg3 h5 10. h4 g4 11. Ng5 Bxg2 12. Rg1 Bb7 13. e4 b3 14. Qxb3 Qc8 15. e5 Ng8
16. d5 a5 17. Be4 Bb4 18. dxe6 dxe6 19. O-O-O Na6 20. Bxb7 Qxb7 21. Nde4 Rb8
22. Qd3 Qc6 23. f4 Bc5 24. Rg2 Qxa4 25. Nc3 Qc6 26. f5 Nb4 27. Qe4 Qxe4 28.
Ngxe4 Be3+ 29. Kb1 exf5 30. Nf6+ Nxf6 31. exf6 f4 32. Bf2 O-O 33. Bxe3 fxe3 34.
Nd5 Rfe8 35. Re2 Rbd8 36. Rxe3 Rxe3 37. Nxe3 Rxd1+ 38. Nxd1 Kh7 39. Ne3 Kg6 40.
Ng2 Kxf6 41. Nf4 Ke5 42. Nxh5 f5 43. Kc1 f4 44. Kd2 g3 45. Ke2 Nc6 46. Nxg3
fxg3 47. Kf3 Ne7 48. Kxg3 Nf5+ 49. Kg4 Nxh4 0-1

[Event "4NCL Individual Rapid 10m+10s"]
[Site "Daventry"]
[Date "2013.10.06"]
[Round "4.2"]
[White "Pitcher, John"]
[Black "Wall, Gavin"]
[Result "0-1"]
[ECO "C55"]
[WhiteElo "2246"]
[BlackElo "2333"]
[PlyCount "98"]
[EventDate "2013.10.06"]
[EventType "swiss (rapid)"]
[EventRounds "7"]
[EventCountry "ENG"]
[TimeControl "900+105"]
[WhiteClock "0:02:32"]
[BlackClock "0:01:53"]

1. e4 e5 2. Bc4 Nf6 3. d3 Nc6 4. Nf3 h6 5. O-O d6 6. a4 g6 7. Re1 Bg7 8. Nbd2
O-O 9. Ba2 Kh7 10. Nc4 Nh5 11. Ne3 Nf4 12. Nd5 Nxd5 13. exd5 Ne7 14. d4 exd4
15. Nxd4 Nf5 16. Nf3 Re8 17. c3 Rxe1+ 18. Qxe1 Nh4 19. Nd4 Bxd4 20. cxd4 Qf6
21. Qc3 Bf5 22. Qe3 g5 23. Bd2 Bd7 24. Rc1 Re8 25. Qc3 Re2 26. Be1 Qf4 27. Bc4
Qg4 28. Qg3 Rxb2 29. Bd3+ Kg7 30. Qxg4 Bxg4 31. f3 Bf5 32. Bxf5 Nxf5 33. Rxc7
Ne3 34. Bg3 Rxg2+ 35. Kh1 Ra2 36. Kg1 Rg2+ 37. Kh1 Rb2 38. Kg1 Nxd5 39. Rd7 Nc3
40. a5 Ne2+ 41. Kf1 Nxd4 42. Rxd6 Nxf3 43. h3 f6 44. Rd7+ Kg6 45. a6 bxa6 46.
Rxa7 Ra2 47. Bf2 Nd2+ 48. Kg1 Ne4 49. Bd4 h5 0-1

[Event "4NCL Individual Rapid 10m+10s"]
[Site "Daventry"]
[Date "2013.10.06"]
[Round "4.3"]
[White "Talsma, Paul"]
[Black "Smerdon, David"]
[Result "0-1"]
[ECO "A84"]
[WhiteElo "2192"]
[BlackElo "2523"]
[PlyCount "96"]
[EventDate "2013.10.06"]
[EventType "swiss (rapid)"]
[EventRounds "7"]
[EventCountry "ENG"]
[TimeControl "900+140"]
[WhiteClock "0:02:34"]
[BlackClock "0:01:35"]

1. d4 e6 2. c4 f5 3. e3 Nf6 4. Bd3 c6 5. Qc2 d5 6. f4 Ne4 7. Nf3 Bd6 8. O-O O-O
9. b3 Qe7 10. Nbd2 a5 11. a3 b6 12. Ne5 Bb7 13. Ndf3 Nd7 14. Nxd7 Qxd7 15. Ne5
Qe7 16. Bb2 Kh8 17. Qe2 Bxe5 18. fxe5 c5 19. Bxe4 fxe4 20. a4 Rac8 21. Rxf8+
Qxf8 22. Rf1 Qe8 23. Qf2 Kg8 24. dxc5 bxc5 25. Bc3 dxc4 26. bxc4 Ba6 27. Bxa5
Bxc4 28. Rc1 Qxa4 29. Bb6 Qb4 30. Qc2 Qxb6 31. Qxc4 h6 32. h3 Rd8 33. Kh2 Rd5
34. Qxe4 Qb2 35. Rf1 Qxe5+ 36. Qf4 g5 37. Qg3 c4 38. e4 Qxg3+ 39. Kxg3 Rc5 40.
Rc1 Kf7 41. Kf3 Kf6 42. Ke3 Ke5 43. Rc3 h5 44. g3 g4 45. hxg4 hxg4 46. Rc1 c3
47. Rh1 c2 48. Kd2 c1=Q+ 0-1

[Event "4NCL Individual Rapid 10m+10s"]
[Site "Daventry"]
[Date "2013.10.06"]
[Round "4.4"]
[White "Mason, Donald J"]
[Black "Merry, Alan B"]
[Result "0-1"]
[ECO "C09"]
[WhiteElo "2204"]
[BlackElo "2297"]
[PlyCount "56"]
[EventDate "2013.10.06"]
[EventType "swiss (rapid)"]
[EventRounds "7"]
[EventCountry "ENG"]
[TimeControl "900+130"]
[WhiteClock "0:00:20"]
[BlackClock "0:00:24"]

1. e4 e6 2. d4 d5 3. Nd2 c5 4. exd5 exd5 5. Ngf3 Nc6 6. Bb5 Qe7+ 7. Be2 Nf6 8.
O-O Qc7 9. Re1 Be6 10. Bb5 c4 11. c3 Bd6 12. b3 a6 13. Bxc6+ Qxc6 14. Ne5 Qc7
15. bxc4 dxc4 16. Ndxc4 Be7 17. Ba3 Nd5 18. Bxe7 Nxe7 19. Ne3 Qxc3 20. Rc1 Qa5
21. d5 Rd8 22. Qf3 Nxd5 23. N5c4 Qc5 24. Ne5 Qe7 25. Nf5 Qf6 26. Qa3 Qxf5 27.
Rc7 Nxc7 28. Nc6 bxc6 0-1

[Event "4NCL Individual Rapid 10m+10s"]
[Site "Daventry"]
[Date "2013.10.06"]
[Round "4.6"]
[White "Zakarian, David"]
[Black "Lunn, Matthew"]
[Result "1-0"]
[ECO "B31"]
[WhiteElo "2408"]
[BlackElo "2045"]
[PlyCount "55"]
[EventDate "2013.10.06"]
[EventType "swiss (rapid)"]
[EventRounds "7"]
[EventCountry "ENG"]
[TimeControl "900+130"]
[WhiteClock "0:04:04"]

1. e4 c5 2. Nf3 Nc6 3. Bb5 g6 4. O-O Bg7 5. c3 Nf6 6. d4 cxd4 7. cxd4 Nxe4 8.
d5 Nb8 9. Re1 Nd6 10. Bd3 O-O 11. Nc3 Na6 12. Bg5 Bf6 13. Bh6 Bg7 14. Bxg7 Kxg7
15. Rc1 b6 16. Bb1 Bb7 17. Qd4+ Kg8 18. h4 Nc7 19. Rcd1 Nce8 20. h5 Nf6 21. h6
Rc8 22. Ne5 Rc5 23. b4 Nb5 24. Nxb5 Rxb5 25. d6 exd6 26. Nxd7 Nh5 27. Qxd6 Re8
28. Nf6+ 1-0

[Event "4NCL Individual Rapid 10m+10s"]
[Site "Daventry"]
[Date "2013.10.06"]
[Round "4.7"]
[White "Basman, Michael"]
[Black "Harvey, Marcus R"]
[Result "0-1"]
[ECO "A00"]
[WhiteElo "2340"]
[BlackElo "2232"]
[PlyCount "67"]
[EventDate "2013.10.06"]
[EventType "swiss (rapid)"]
[EventRounds "7"]
[EventCountry "ENG"]
[TimeControl "900+75"]
[WhiteClock "0:03:39"]
[BlackClock "0:06:20"]

1. g4 e5 2. Bg2 h5 3. gxh5 d5 4. c4 d4 5. d3 Rxh5 6. Nd2 Nf6 7. Nf1 c5 8. Ng3
Rh8 9. Qa4+ Bd7 10. Qb3 Nc6 11. Bd2 Qc7 12. a3 Be7 13. Qc2 a5 14. Nf3 Nh5 15.
O-O-O f5 16. e3 O-O-O 17. exd4 exd4 18. Rde1 Nf4 19. Bxf4 Qxf4+ 20. Kb1 Bd6 21.
h4 Rde8 22. Rxe8+ Rxe8 23. Qb3 Qg4 24. Ng5 Bxg3 25. fxg3 Qxg3 26. Bd5 Re1+ 27.
Rxe1 Qxe1+ 28. Ka2 Qxh4 29. Nf7 Qf6 30. Qc2 Ne7 31. Qh2 Nxd5 32. Nd6+ Kd8 33.
Nxb7+ Ke7 34. cxd5 0-1

[Event "4NCL Individual Rapid 10m+10s"]
[Site "Daventry"]
[Date "2013.10.06"]
[Round "4.8"]
[White "Okike, David"]
[Black "Emerson, Roger"]
[Result "0-1"]
[ECO "C11"]
[WhiteElo "2152"]
[BlackElo "2214"]
[PlyCount "84"]
[EventDate "2013.10.06"]
[EventType "swiss (rapid)"]
[EventRounds "7"]
[EventCountry "ENG"]
[TimeControl "900+135"]
[WhiteClock "0:01:48"]
[BlackClock "0:01:44"]

1. e4 e6 2. d4 d5 3. Nc3 Nf6 4. e5 Nfd7 5. f4 c5 6. Nf3 Nc6 7. Be3 Qb6 8. Na4
Qa5+ 9. c3 cxd4 10. b4 Nxb4 11. cxb4 Bxb4+ 12. Bd2 Bxd2+ 13. Nxd2 b6 14. Qb3 g5
15. g3 gxf4 16. gxf4 Rg8 17. Qb5 Rg4 18. Qxa5 bxa5 19. Bd3 Rxf4 20. Bxh7 Nxe5
21. Nc5 Bd7 22. a4 Rc8 23. Ndb3 Ke7 24. Rd1 f5 25. Rg1 Rh8 26. Nxd7 Nf3+ 27.
Ke2 Nxg1+ 28. Rxg1 Rxh7 29. Ndc5 Rxh2+ 30. Kd1 e5 31. Nxa5 Rff2 32. Nab3 Rb2
33. Kc1 d3 34. Nxd3 Rxb3 35. Nxe5 Kd6 36. Ng6 Rbb2 37. Nf4 Rhc2+ 38. Kd1 Rb1+
39. Kxc2 Rxg1 40. Nd3 Rg4 41. Kb3 a5 42. Nf2 Rg3+ 0-1

[Event "4NCL Individual Rapid 10m+10s"]
[Site "Daventry"]
[Date "2013.10.06"]
[Round "4.2"]
[White "Hall, John"]
[Black "Sowray, Peter J"]
[Result "1-0"]
[ECO "B13"]
[WhiteElo "2269"]
[BlackElo "2335"]
[PlyCount "99"]
[EventDate "2013.10.06"]
[EventType "swiss (rapid)"]
[EventRounds "7"]
[EventCountry "ENG"]
[TimeControl "900+130"]
[WhiteClock "0:07:01"]
[BlackClock "0:00:50"]

1. e4 c6 2. d4 d5 3. exd5 cxd5 4. c4 Nf6 5. Nc3 Nc6 6. Bg5 dxc4 7. Bxc4 h6 8.
Be3 e6 9. Nf3 Be7 10. O-O O-O 11. Qd2 Ng4 12. Bf4 e5 13. dxe5 Qxd2 14. Nxd2
Ngxe5 15. Nd5 Nxc4 16. Nxe7+ Nxe7 17. Nxc4 Be6 18. Nd6 Ng6 19. Bg3 Bd5 20. Rfd1
Bc6 21. b4 Ba4 22. Rd4 f5 23. b5 Bxb5 24. Nxb5 f4 25. Nc7 Rac8 26. Ne6 fxg3 27.
Nxf8 gxh2+ 28. Kxh2 Rxf8 29. f3 Rf5 30. a4 Ra5 31. Rb1 b6 32. Rb5 Ra6 33. Rg4
Kf7 34. Kg3 Kf6 35. Rd5 Ne5 36. Re4 Nf7 37. f4 g6 38. Rd7 h5 39. Kf3 g5 40. g3
Ra5 41. Ree7 g4+ 42. Kf2 Nd6 43. Rxa7 Rxa4 44. Rxa4 Kxe7 45. Ra7+ Kf6 46. Rh7
Kg6 47. Rc7 Ne4+ 48. Kg2 Kf5 49. Re7 h4 50. Re5+ 1-0

[Event "4NCL Individual Rapid 10m+10s"]
[Site "Daventry"]
[Date "2013.10.06"]
[Round "4.3"]
[White "Pritchett, Craig W"]
[Black "Foley, John P"]
[Result "1-0"]
[ECO "B38"]
[WhiteElo "2359"]
[BlackElo "2018"]
[PlyCount "87"]
[EventDate "2013.10.06"]
[EventType "swiss (rapid)"]
[EventRounds "7"]
[EventCountry "ENG"]
[TimeControl "900+130"]
[WhiteClock "0:01:59"]
[BlackClock "0:00:34"]

1. Nf3 Nf6 2. c4 c5 3. Nc3 Nc6 4. d4 cxd4 5. Nxd4 g6 6. e4 d6 7. Be2 Bg7 8. Be3
O-O 9. O-O Bd7 10. Qd2 Nxd4 11. Bxd4 Bc6 12. f3 Nd7 13. Rfd1 Bxd4+ 14. Qxd4 Qb6
15. Qxb6 Nxb6 16. Rac1 Rac8 17. b3 f5 18. exf5 gxf5 19. Kf2 Kg7 20. Rd4 Rf6 21.
Rcd1 Re8 22. R1d2 Rh6 23. h3 Rf8 24. f4 Rg6 25. Bf3 Kf6 26. g4 fxg4 27. hxg4
Bxf3 28. Kxf3 h6 29. f5 Rg7 30. Rh2 Rh8 31. Re4 Kf7 32. Nd5 Nxd5 33. cxd5 Rg5
34. Rhe2 Re8 35. Kf4 Rg7 36. Re6 Rh7 37. Rh2 Reh8 38. Rc2 h5 39. g5 Rg7 40. Rc7
Re8 41. Rxd6 Kg8 42. Rdd7 h4 43. f6 h3 44. fxg7 1-0

[Event "4NCL Individual Rapid 10m+10s"]
[Site "Daventry"]
[Date "2013.10.06"]
[Round "4.5"]
[White "Deighton, Simon"]
[Black "Josse, Mark"]
[Result "0-1"]
[ECO "D20"]
[WhiteElo "1986"]
[BlackElo "2173"]
[PlyCount "56"]
[EventDate "2013.10.06"]
[EventType "swiss (rapid)"]
[EventRounds "7"]
[EventCountry "ENG"]
[TimeControl "900+205"]
[WhiteClock "0:00:41"]
[BlackClock "0:00:46"]

1. d4 d5 2. c4 dxc4 3. e4 c5 4. d5 b5 5. a4 Nf6 6. axb5 Nxe4 7. Bxc4 Nd7 8. Nf3
Nb6 9. b3 Bb7 10. Be3 Nxd5 11. Bxd5 Bxd5 12. O-O e6 13. Qc2 Be7 14. Nc3 Nxc3
15. Qxc3 Bf6 16. Qxc5 Bxa1 17. Rxa1 Qe7 18. b4 Qxc5 19. bxc5 Rb8 20. Nd4 g6 21.
Bf4 Rc8 22. c6 f6 23. Bd6 e5 24. Ne2 Rd8 25. Bc5 a6 26. Rxa6 Bxc6 27. Nc3 Ra8
28. Nd5 Bxd5 0-1

[Event "4NCL Individual Rapid 10m+10s"]
[Site "Daventry"]
[Date "2013.10.06"]
[Round "5.1"]
[White "Wall, Gavin"]
[Black "Jones, Gawain CB"]
[Result "1/2-1/2"]
[ECO "B52"]
[WhiteElo "2333"]
[BlackElo "2638"]
[PlyCount "104"]
[EventDate "2013.10.06"]
[EventType "swiss (rapid)"]
[EventRounds "7"]
[EventCountry "ENG"]
[TimeControl "900+180"]
[WhiteClock "0:04:14"]
[BlackClock "0:00:50"]

1. e4 c5 2. Nf3 d6 3. Bb5+ Bd7 4. a4 Nf6 5. d3 g6 6. O-O Bg7 7. Re1 O-O 8. Nbd2
Nc6 9. Nc4 Rc8 10. Bg5 Bg4 11. c3 d5 12. exd5 Qxd5 13. Bxc6 Rxc6 14. Nce5 Bxf3
15. Nxc6 bxc6 16. Qxf3 Qxg5 17. Rxe7 a5 18. Rae1 Nd5 19. Ra7 Qd2 20. Qe2 Qxe2
21. Rxe2 Nf4 22. Rd2 Bh6 23. Kf1 Rd8 24. Rxa5 Nxd3 25. Rd1 c4 26. Ra6 c5 27.
Rb6 Bc1 28. b3 cxb3 29. Rxb3 c4 30. Rb5 Ra8 31. a5 Bf4 32. g3 Bc7 33. Ra1 Ra6
34. Ra4 Kg7 35. Rxc4 Rxa5 36. Rxa5 Bxa5 37. Ke2 Nb2 38. Rc6 Na4 39. Kd3 Bxc3
40. Rxc3 Nxc3 41. Kxc3 Kf6 42. Kd3 Kf5 43. f3 Ke5 44. Ke3 g5 45. Kd3 h5 46. Ke3
g4 47. Kd3 f5 48. Ke3 f4+ 49. gxf4+ Kf5 50. fxg4+ hxg4 51. Kf2 Kxf4 52. Ke1 Ke5
1/2-1/2

[Event "4NCL Individual Rapid 10m+10s"]
[Site "Daventry"]
[Date "2013.10.06"]
[Round "5.2"]
[White "Smerdon, David"]
[Black "Bhatia, Kanwal"]
[Result "1-0"]
[ECO "C55"]
[WhiteElo "2523"]
[BlackElo "2039"]
[PlyCount "71"]
[EventDate "2013.10.06"]
[EventType "swiss (rapid)"]
[EventRounds "7"]
[EventCountry "ENG"]
[TimeControl "900+165"]
[WhiteClock "0:00:53"]
[BlackClock "0:00:21"]

1. e4 e5 2. Nf3 Nc6 3. d4 exd4 4. Bc4 Nf6 5. O-O Bc5 6. e5 d5 7. exf6 dxc4 8.
fxg7 Rg8 9. Bg5 Be7 10. Bxe7 Kxe7 11. Re1+ Kf6 12. Re4 Qd5 13. Nc3 Qc5 14. Nxd4
Kxg7 15. Nxc6 bxc6 16. Qe2 Be6 17. Re5 Qe7 18. Qxc4 Kh8 19. Qd4 Rg7 20. g3 Rd8
21. Qe3 Qf6 22. Re1 Bd5 23. Re8+ Rxe8 24. Qxe8+ Rg8 25. Qe5 Kg7 26. Nxd5 cxd5
27. Qxc7 Qxb2 28. Qxa7 Qc3 29. Qe3 Rc8 30. Qg5+ Kh8 31. Re7 Rg8 32. Qxd5 Qa1+
33. Kg2 Qc3 34. Rxf7 Re8 35. Rxh7+ Kxh7 36. Qh5+ 1-0

[Event "4NCL Individual Rapid 10m+10s"]
[Site "Daventry"]
[Date "2013.10.06"]
[Round "5.4"]
[White "Hebden, Mark"]
[Black "Hall, John"]
[Result "1-0"]
[ECO "A43"]
[WhiteElo "2548"]
[BlackElo "2269"]
[PlyCount "31"]
[EventDate "2013.10.06"]
[EventType "swiss (rapid)"]
[EventRounds "7"]
[EventCountry "ENG"]
[TimeControl "900+60"]
[WhiteClock "0:08:18"]
[BlackClock "0:06:47"]

1. d4 Nf6 2. Nf3 c5 3. d5 b5 4. Bg5 Ne4 5. Bf4 Bb7 6. a4 Qb6 7. axb5 a6 8. e3
axb5 9. Rxa8 Bxa8 10. Qd3 Nd6 11. e4 c4 12. Qd4 Qa5+ 13. Nc3 b4 14. Nd1 e6 15.
Bxc4 Nxc4 16. Qxc4 1-0

[Event "4NCL Individual Rapid 10m+10s"]
[Site "Daventry"]
[Date "2013.10.06"]
[Round "5.6"]
[White "Harvey, Marcus R"]
[Black "Emerson, Roger"]
[Result "1-0"]
[ECO "A00"]
[WhiteElo "2232"]
[BlackElo "2214"]
[PlyCount "98"]
[EventDate "2013.10.06"]
[EventType "swiss (rapid)"]
[EventRounds "7"]
[EventCountry "ENG"]
[TimeControl "900+90"]
[WhiteClock "0:08:18"]
[BlackClock "0:03:41"]

1. g3 c5 2. Bg2 Nc6 3. Nf3 g6 4. O-O Bg7 5. c4 e5 6. Nc3 Nge7 7. d3 O-O 8. a3
d6 9. Rb1 Bg4 10. b4 b6 11. Ne1 Rc8 12. h3 Be6 13. Nc2 Qd7 14. Kh2 f5 15. Ne3
f4 16. Ned5 f3 17. Bxf3 Bxh3 18. b5 Bxf1 19. bxc6 Nxc6 20. Qxf1 Rf7 21. Be4
Rcf8 22. f3 Nd4 23. Qh3 Qe8 24. Ne3 Rf5 25. Nxf5 gxf5 26. Bd5+ Kh8 27. Bd2 Rf6
28. Kg2 f4 29. Rh1 Rh6 30. Qxh6 Bxh6 31. Rxh6 Kg7 32. Rh4 h5 33. gxf4 Qg6+ 34.
Kf2 Nf5 35. Rh3 exf4 36. Bxf4 Qf6 37. Rxh5 Qd4+ 38. e3 Qxc3 39. Rxf5 Qxd3 40.
Be4 Qd2+ 41. Kg3 Qe1+ 42. Kg4 Qg1+ 43. Bg3 b5 44. cxb5 c4 45. Rg5+ Kf6 46. Rg6+
Ke7 47. Kf5 Qxe3 48. Bxd6+ Kd8 49. Ke6 Ke8 1-0

[Event "4NCL Individual Rapid 10m+10s"]
[Site "Daventry"]
[Date "2013.10.06"]
[Round "5.7"]
[White "Josse, Mark"]
[Black "Pitcher, John"]
[Result "1-0"]
[ECO "D11"]
[WhiteElo "2173"]
[BlackElo "2246"]
[PlyCount "135"]
[EventDate "2013.10.06"]
[EventType "swiss (rapid)"]
[EventRounds "7"]
[EventCountry "ENG"]
[TimeControl "900+105"]
[WhiteClock "0:00:33"]
[BlackClock "0:00:57"]

1. d4 d5 2. c4 c6 3. Nf3 Nf6 4. e3 a6 5. Nbd2 Bf5 6. Qb3 Qc7 7. Ne5 e6 8. Be2
Bd6 9. O-O O-O 10. Ndf3 c5 11. cxd5 exd5 12. Bd2 Nc6 13. Nxc6 bxc6 14. dxc5
Bxc5 15. Rfc1 Ne4 16. Qa4 a5 17. Bc3 Bd6 18. h3 c5 19. Qd1 Rad8 20. Qe1 Nxc3
21. Qxc3 a4 22. Bb5 Ra8 23. Rd1 Rfd8 24. Rac1 Be4 25. Nd2 Bg6 26. Nf3 Bh5 27.
Be2 Qb7 28. Rd2 Be7 29. Rcd1 Rac8 30. Qe5 Bg6 31. Rxd5 Rxd5 32. Rxd5 Bf6 33.
Qd6 h6 34. Rxc5 Rd8 35. Qc7 Qxb2 36. Nd4 Rxd4 37. exd4 Qxe2 38. Rc4 Qe1+ 39.
Kh2 Qxf2 40. Rxa4 Bg5 41. d5 Kh7 42. Qg3 Qc2 43. Qg4 Bf5 44. Qd4 Bf6 45. Qf4
Bg6 46. d6 Qc6 47. Rc4 Qd5 48. Qc1 Be5+ 49. Kh1 Bxd6 50. a4 Qe5 51. Kg1 Be4 52.
Qd2 Bc5+ 53. Kf1 Bb7 54. Qc2+ g6 55. Rxc5 Qf4+ 56. Kg1 Qe3+ 57. Qf2 Qe7 58. a5
h5 59. Rb5 Bc6 60. Rb6 Bd5 61. a6 Qe4 62. a7 h4 63. Rb8 f5 64. Rd8 Bc6 65. Rc8
Bd5 66. Rc7+ Kh6 67. Qd2+ g5 68. Rd7 1-0

[Event "4NCL Individual Rapid 10m+10s"]
[Site "Daventry"]
[Date "2013.10.06"]
[Round "6.2"]
[White "Hall, John"]
[Black "Healey, Michael W"]
[Result "1-0"]
[ECO "C98"]
[WhiteElo "2269"]
[BlackElo "2091"]
[PlyCount "97"]
[EventDate "2013.10.06"]
[EventType "swiss (rapid)"]
[EventRounds "7"]
[EventCountry "ENG"]
[TimeControl "900+415"]
[WhiteClock "0:02:31"]
[BlackClock "0:00:21"]

1. e4 e5 2. Nf3 Nc6 3. Bb5 a6 4. Ba4 Nf6 5. O-O Be7 6. Re1 b5 7. Bb3 O-O 8. c3
d6 9. h3 Na5 10. Bc2 c5 11. d4 Qc7 12. Nbd2 Nc6 13. d5 Nb8 14. a4 Ra7 15. Qe2
Rb7 16. axb5 axb5 17. b4 Nbd7 18. Nb3 Nxe4 19. Bxe4 f5 20. Bb1 e4 21. Na5 Rb6
22. Ng5 Ne5 23. Qh5 h6 24. Ne6 Bxe6 25. dxe6 cxb4 26. Re3 bxc3 27. Bc2 Ra6 28.
Nb3 Rxa1 29. Nxa1 Bg5 30. Nb3 g6 31. Qe2 Nc4 32. Rg3 f4 33. Rxc3 d5 34. Nd4 f3
35. gxf3 Bxc1 36. fxe4 Qe5 37. Nxb5 Nd2 38. Rg3 g5 39. Nc3 d4 40. Nd5 Qxe6 41.
Qe1 Nf3+ 42. Rxf3 Rxf3 43. Qxc1 Qxh3 44. Qf1 Qh4 45. Qc4 Qg4+ 46. Kf1 Kf8 47.
Qb4+ Kg8 48. Qb8+ Rf8 49. Nf6+ 1-0

[Event "4NCL Individual Rapid 10m+10s"]
[Site "Daventry"]
[Date "2013.10.06"]
[Round "6.3"]
[White "Adebajo, Olufemi"]
[Black "Coleman, James"]
[Result "0-1"]
[ECO "C47"]
[WhiteElo "1971"]
[BlackElo "2127"]
[PlyCount "119"]
[EventDate "2013.10.06"]
[EventType "swiss (rapid)"]
[EventRounds "7"]
[EventCountry "ENG"]
[TimeControl "900+125"]
[WhiteClock "0:03:59"]
[BlackClock "0:02:03"]

1. e4 e5 2. Nf3 Nc6 3. Nc3 Nf6 4. g3 d5 5. exd5 Nd4 6. Bg2 Bg4 7. h3 Bxf3 8.
Bxf3 Nxf3+ 9. Qxf3 Bb4 10. O-O O-O 11. a3 Bxc3 12. dxc3 Qxd5 13. Qe2 Rfe8 14.
Bg5 Qe4 15. Rfe1 Qxe2 16. Rxe2 Nd5 17. Rd1 Nb6 18. b3 f6 19. Be3 Rad8 20. Red2
Rxd2 21. Rxd2 Kf7 22. c4 Ke7 23. Bc5+ Ke6 24. a4 Nd7 25. Be3 c5 26. Kg2 b6 27.
c3 Nb8 28. a5 Nc6 29. axb6 axb6 30. Kf3 Ra8 31. b4 cxb4 32. cxb4 Nxb4 33. Bxb6
f5 34. Bc5 Nd3 35. Rxd3 e4+ 36. Ke3 exd3 37. Kxd3 Ra2 38. h4 g6 39. Kc3 Kd7 40.
Kb3 Re2 41. Bd4 f4 42. Kc3 fxg3 43. fxg3 Ke6 44. Ba7 Ra2 45. Bb8 Ra8 46. Bf4
Kf5 47. Kb4 Ke4 48. Kb5 Ra1 49. c5 Kd5 50. Bd6 Rb1+ 51. Ka5 Kc6 52. Ka4 Rb5 53.
g4 Rxc5 54. Bxc5 Kxc5 55. h5 g5 56. h6 Kd4 57. Kb4 Ke5 58. Kc4 Kf4 59. Kd5 Kxg4
60. Ke5 0-1

[Event "4NCL Individual Rapid 10m+10s"]
[Site "Daventry"]
[Date "2013.10.06"]
[Round "6.5"]
[White "Pitcher, John"]
[Black "Taylor, Mark V"]
[Result "1-0"]
[ECO "C02"]
[WhiteElo "2246"]
[BlackElo "2087"]
[PlyCount "75"]
[EventDate "2013.10.06"]
[EventType "swiss (rapid)"]
[EventRounds "7"]
[EventCountry "ENG"]
[TimeControl "900+125"]
[WhiteClock "0:08:49"]
[BlackClock "0:04:03"]

1. e4 e6 2. d4 d5 3. e5 c5 4. c3 Nc6 5. Nf3 Bd7 6. Be2 f6 7. O-O fxe5 8. Nxe5
Nxe5 9. dxe5 Qc7 10. c4 d4 11. Bh5+ g6 12. Bf3 Bg7 13. Bf4 Nh6 14. Bxh6 Bxh6
15. Re1 Bg7 16. Qe2 O-O 17. Nd2 Rf5 18. Be4 Rf7 19. g3 Rb8 20. f4 b5 21. b3
Rff8 22. Rac1 b4 23. Nf3 a5 24. Ng5 Rfd8 25. h4 h6 26. Nf3 Be8 27. Qd3 Qf7 28.
Rf1 Bf8 29. Nh2 Be7 30. Rc2 Kg7 31. Rg2 Rbc8 32. g4 Bc6 33. Bxc6 Rxc6 34. f5
Bxh4 35. f6+ Kg8 36. Nf3 Bg5 37. Nxg5 hxg5 38. Rh2 1-0

[Event "4NCL Individual Rapid 10m+10s"]
[Site "Daventry"]
[Date "2013.10.06"]
[Round "6.1"]
[White "Jones, Gawain CB"]
[Black "Merry, Alan B"]
[Result "0-1"]
[ECO "A22"]
[WhiteElo "2638"]
[BlackElo "2297"]
[PlyCount "134"]
[EventDate "2013.10.06"]
[EventType "swiss (rapid)"]
[EventRounds "7"]
[EventCountry "ENG"]
[TimeControl "900+135"]
[WhiteClock "0:01:30"]
[BlackClock "0:01:12"]

1. c4 e5 2. g3 Nf6 3. Bg2 d5 4. cxd5 Nxd5 5. Nc3 Nb6 6. e3 Nc6 7. Nge2 Be6 8.
O-O Qd7 9. f4 f6 10. Qc2 Nb4 11. Qe4 Nc6 12. f5 Bf7 13. d4 Bd6 14. Qg4 O-O 15.
d5 Ne7 16. e4 Kh8 17. Be3 Nc4 18. Bf2 Nxb2 19. Rab1 Nd3 20. Be3 Bc5 21. Qf3 b6
22. g4 c6 23. Rfd1 Bxe3+ 24. Qxe3 Nc5 25. d6 Nc8 26. Rb2 Nxd6 27. g5 Nc4 28.
Qh3 Qe7 29. g6 Bg8 30. gxh7 Nxb2 31. hxg8=Q+ Kxg8 32. Rf1 Ncd3 33. Qg3 Qc5+ 34.
Kh1 Rad8 35. Bf3 Nf4 36. Rg1 Rf7 37. Qh4 Nbd3 38. Rf1 Qe3 39. Nd1 Qd2 40. Nxf4
Nxf4 41. Nf2 Qe3 42. Qg3 Rd2 43. Ng4 Qd3 44. Rg1 Kf8 45. Nf2 Qc3 46. Nd1 Qd4
47. Qh4 Ke7 48. Qe1 Kd7 49. Ne3 Kc7 50. Ng4 Re2 51. Qb1 Rb2 52. Qf1 Rd7 53. Qa6
Kb8 54. Qa3 Qd3 55. Qxd3 Rxd3 56. Bd1 Rb1 57. Bb3 Rxg1+ 58. Kxg1 Rd4 59. Kf2
Rxe4 60. Kf3 Rd4 61. Nf2 c5 62. Ne4 c4 63. Bc2 b5 64. h4 b4 65. Nc5 Kc7 66.
Na6+ Kb6 67. Nxb4 a5 0-1